 Dungeon Crawl Stone Soup version 0.29.1-12-g30fa7ad0bf (webtiles) character file.

Game seed: 18429170151667091121

7 H0rd4k the Charlatan (level 2, -1/18 HPs)
             Began as an Octopode Artificer on Jan 9, 2023.
             Succumbed to a goblin's poison
             ... on level 1 of the Dungeon.
             The game lasted 00:00:33 (593 turns).

H0rd4k the Charlatan (Octopode Artificer)            Turns: 593, Time: 00:00:34

Health: -1/18      AC:  1    Str: 11    XL:     2   Next: 0%
Magic:  3/3        EV: 13    Int: 13    God:
Gold:   36         SH:  0    Dex: 12    Spells: 2/2 levels left

rFire   . . .      SeeInvis .   (no weapon)
rCold   . . .      Faith    .   (no shield)
rNeg    . . .      Spirit   .   (helmet restricted)
rPois   .          Reflect  .   (no amulet)
rElec   .          Harm     .   (no ring)
rCorr   .          Rampage  .   (no ring)
Will    .....                   (no ring)
Stlth   +++.......              (no ring)
HPRegen 0.06/turn               (no ring)
MPRegen 0.08/turn               (no ring)
                                (no ring)
                                (no ring)

@: lethally poisoned (-1 -> -9), invisible
A: almost no armour, amphibious, 8 rings, camouflage 1, gelatinous body 1,
(nimble swimmer 1), tentacles
a: no special abilities


You were on level 1 of the Dungeon.
You visited 1 branch of the dungeon, and saw 1 of its levels.

You collected 36 gold pieces.

Inventory:

Missiles
 g - 5 poisoned darts
Magical Staves
 i - a staff of fire
Wands
 b - a wand of flame (15) (quivered)
 c - a wand of charming (15)
 d - a wand of iceblast (5)
Scrolls
 h - a scroll of acquirement {unknown}
 j - a scroll of enchant weapon {unknown}
 k - a scroll of silence {unknown}
Potions
 e - a potion of attraction {unknown}
 f - 2 potions of brilliance {unknown}


   Skills:
 * Level 1.5 Fighting
 - Level 2.3 Dodging
 - Level 1.3 Stealth
 + Level 0.1 Unarmed Combat
 * Level 0.7 Spellcasting
 - Level 3.2 Evocations


You had 2 spell levels left.
You didn't know any spells.
Your spell library was empty.

Dungeon Overview and Level Annotations

Branches:
Dungeon (1/15)

Altars:

Shops:
D:1 (


Innate Abilities, Weirdness & Mutations

You cannot wear most types of armour.
You are amphibious.
You can wear up to eight rings at the same time.
Your skin changes colour to match your surroundings (Stealth+).
Your rubbery body absorbs attacks. (AC +1, EV +1)
((You are camouflaged when in or above water. (Stealth+)))
You have tentacles for arms and can constrict up to eight enemies at once.


Message History

You constrict the hobgoblin.
You kill the hobgoblin!
The bat hits you.
You tentacle-slap the bat.
You kill the bat!
You have reached level 2!
Magic restored.
Found 4 stones.
No target in view!
k - a scroll labelled QONUNOKLE KOERA No target in view!
No target in view!
You see here 4 stones.
You now have 36 gold pieces (gained 6).
You open the large door.
There is a large open door here.
There is a large open door here.
A kobold comes into view. It is wielding a +0 whip.
The kobold shouts!
You hear a shout!
The kobold throws a stone.
The stone hits you.
The kobold throws a stone.
The stone closely misses you.
A kobold is nearby!
The kobold throws a stone.
The stone hits you.
A kobold is nearby!
A goblin comes into view. It is wielding a +2 dagger of venom.
The goblin shouts!
The kobold throws a stone.
The stone barely misses you. The kobold hits you with a +0 whip.
You barely miss the kobold. Your grab misses the kobold.
The kobold hits you with a +0 whip.
You tentacle-slap the goblin. Your grab misses the goblin.
The goblin is severely wounded.
The goblin hits you with a +2 dagger of venom.
* * * LOW HITPOINT WARNING * * *
You are lethally poisoned!
The kobold hits you with a +0 whip.
* * * LOW HITPOINT WARNING * * *
It was a potion of invisibility.
You fade into invisibility!
You die...

#.........##..........
#.....######..........
#.....# #..........
#.....# #...†......
#####.# ###'#######
#...# #.# #### #...+
#.####...
.####...######.#........
......g@................
#####...K...##.#........
..........##....##....
.....###....##....##....
..... ######....##....
..... #.#+###.... ####
#. .....#+# # ......#
#.###.#


You could see a goblin (unable to see you) and a kobold (unable to see you).

Vanquished Creatures
  3 hobgoblins (D:1)
  A ball python (D:1)
  3 bats (D:1)
7 creatures vanquished.

Notes
Turn   | Place    | Note
-------+----------+-------------------------------------------
     0 | D:1      | H0rd4k the Octopode Artificer began the quest for the Orb.
     0 | D:1      | Reached XP level 1. HP: 13/13 MP: 1/1
   160 | D:1      | Found Keuth's Antique Weapon Boutique.
   519 | D:1      | Reached XP level 2. HP: 16/18 MP: 1/3
   593 | D:1      | Succumbed to a goblin's poison

Illustrated notes

Levels and vault maps discovered:
D:1:      dpeg_arrival_oval, layout_basic, serial_shops, nicolae_diamond_shop,
          shapermc_ecumenical_altar_pompeii

Action                   || total
-------------------------++-------
Melee: Unarmed           ||    19
       Constrict         ||     5
       Tentacles         ||     3
  Use: Potion            ||     1
 Stab: Sleeping          ||     2
Armor: Skin              ||     2
Dodge: Dodged            ||    10
